[Event "17th Capechecs Matches 2019"]
[Site "Cap d'Agde"]
[Date "2019.10.31"]
[Round "1.4"]
[White "Amin, Bassem"]
[Black "Bacrot, Etienne"]
[Result "1-0"]
[ECO "A07"]
[WhiteElo "2699"]
[BlackElo "2671"]
[Annotator "ChessBase"]
[PlyCount "103"]
[EventDate "2019.10.16"]
[EventType "match"]
[EventCountry "FRA"]
[SourceTitle "playchess.com"]
[Source "ChessBase"]
[SourceQuality "1"]
[TimeControl "1200+10"]

1. Nf3 d5 2. g3 Nf6 3. Bg2 e6 4. O-O Be7 5. d3 O-O 6. Re1 a5 7. Bf4 Nc6 8. Nc3 d4 9. Nb5 Nd5 10. Bd2 e5 11. c4 Nf6 12. e3 dxe3 13. Bxe3 Bb4 14. Nc3 Re8 15. a3 Bf8 16. d4 exd4 17. Nxd4 Ne5 18. Ndb5 Bd7 19. Bf4 Nxc4 20. Bxc7 Qc8 21. Qd4 Nxb2 22. Reb1 Bxb5 23. Nxb5 Re7 24. Bd6 Re6 25. Bxf8 Qxf8 26. Rxb2 Rd8 27. Qc4 b6 28. Re2 Rc8 29. Qa2 Rxe2 30. Qxe2 h5 31. Rd1 Qc5 32. h3 Re8 33. Qb2 h4 34. g4 Qc4 35. Nd6 Qa4 36. Rc1 Rd8 37. Qxb6 Rd7 38. Qb8+ Kh7 39. Qb1+ g6 40. Nc4 Rc7 41. Ne3 Rd7 42. Qb2 Ne4 43. Rc4 Rd1+ 44. Nxd1 Qxc4 45. Bxe4 Qxe4 46. Ne3 Qf3 47. Qb3 Kg8 48. Qb8+ Kh7 49. Qa7 Kg8 50. Qxa5 Qxh3 51. Qa8+ Kg7 52. Qg2 1-0

[Event "17th Capechecs Matches 2019"]
[Site "Cap d'Agde"]
[Date "2019.10.31"]
[Round "1.4"]
[White "Sarana, Alexey"]
[Black "Nihal Sarin"]
[Result "0-1"]
[ECO "A44"]
[WhiteElo "2655"]
[BlackElo "2610"]
[Annotator "ChessBase"]
[PlyCount "78"]
[EventDate "2019.10.16"]
[EventType "match"]
[EventCountry "FRA"]
[SourceTitle "playchess.com"]
[Source "ChessBase"]
[SourceQuality "1"]
[TimeControl "1200+10"]

1. d4 c5 2. d5 e5 3. c4 d6 4. Nc3 Be7 5. e3 f5 6. Bd3 Nf6 7. e4 f4 8. a3 O-O 9. Nge2 f3 10. gxf3 Nh5 11. Rg1 g6 12. Be3 Bh4 13. Ng3 Nf4 14. Nf5 Bf6 15. Nb5 Kh8 16. Nh6 a6 17. Nc3 Bh4 18. Bf1 Nd7 19. Qc2 Rb8 20. O-O-O Qa5 21. Qa4 Qd8 22. Kb1 Nf6 23. Ng4 Nxg4 24. fxg4 Bd7 25. Qc2 b5 26. f3 b4 27. axb4 cxb4 28. Ne2 b3 29. Qc3 Bf6 30. g5 Nxe2 31. Bxe2 Bg7 32. c5 dxc5 33. Qxc5 Bb5 34. Bd3 Rxf3 35. Rge1 Qa5 36. Qa3 Bxd3+ 37. Rxd3 Qxe1+ 38. Bc1 Rxd3 39. Qd6 Rc8 0-1